 Dungeon Crawl Stone Soup version 0.30.0-5-g1a98f26d00 (webtiles) character file.

Game seed: 15823489789036435537

10325 retardedninja the Thaumaturge (level 11, -3/83 HPs)
             Began as a Gnoll Fire Elementalist on May 10, 2023.
             Was a High Priest of Cheibriados.
             Slain by a komodo dragon (25 damage)
             ... on level 1 of the Lair of Beasts.
             The game lasted 00:24:05 (19233 turns).

retardedninja the Thaumaturge (GnFE)               Turns: 19233, Time: 00:24:06

Health: -3/83      AC:  3    Str: 21    XL:     11   Next: 60%
Magic:  20/23      EV: 19    Int: 34    God:    Cheibriados [*****.]
Gold:   692        SH:  0    Dex: 26    Spells: 11/26 levels left

rFire   . . .        e - +10 hand axe "Brush" {drain, +Blink Fly Will++}
rCold   . . .        (no shield)
rNeg    . . .        a - +0 robe
rPois   .            (no helmet)
rElec   .            (no cloak)
rCorr   .            i - +0 pair of gloves
SInv    .            (no boots)
Will    ++...        (no amulet)
Stlth   ++++         (no ring)
HPRegen 0.33/turn    (no ring)
MPRegen 0.18/turn

%: no passive effects
@: flying, very slow
A: fangs 1, strong nose, distributed training
a: Renounce Religion, Evoke Blink, Bend Time, Temporal Distortion, Slouch, Step
From Time


You were on level 1 of the Lair of Beasts.
You worshipped Cheibriados.
Cheibriados was extremely pleased with you.
You visited 3 branches of the dungeon, and saw 13 of its levels.
You also visited: Sewer.

You collected 692 gold pieces.

Inventory:

Hand Weapons
 e - the +10 hand axe "Brush" (weapon) {drain, +Blink Fly Will++}
   (You found it on level 4 of the Dungeon)

   Fly:       It grants you flight.
   +Blink:    It lets you blink.
   Will:      It greatly increases your willpower.
Missiles
 x - 3 throwing nets
Armour
 a - a +0 robe (worn)
 i - a +0 pair of gloves (worn)
 m - a +2 buckler
Jewellery
 j - an amulet of the acrobat
 u - a ring of see invisible
 C - an amulet of faith
Wands
 B - a wand of polymorph (4)
Scrolls
 c - 2 scrolls of immolation
 d - a scroll of magic mapping
 f - 2 scrolls of poison
 h - 3 scrolls of blinking
 o - 2 scrolls of teleportation
 q - 4 scrolls of identify
 t - 2 scrolls of fog
 z - a scroll of amnesia
Potions
 b - a potion of magic
 g - 3 potions of lignification
 k - 2 potions of cancellation
 l - 3 potions of curing
 n - 2 potions of flight
 p - 7 potions of brilliance
 r - 11 potions of ambrosia
 s - 2 potions of mutation
 v - a potion of degeneration {unknown}
 w - a potion of might
 A - a potion of heal wounds
Miscellaneous
 y - a phial of floods


   Skills:
 + Level 6.7 Fighting
 + Level 6.7 Short Blades
 + Level 6.7 Long Blades
 + Level 6.7 Axes
 + Level 6.7 Maces & Flails
 + Level 6.7 Polearms
 + Level 6.7 Staves
 + Level 6.7 Ranged Weapons
 + Level 6.7 Throwing
 + Level 6.7 Armour
 + Level 8.2 Dodging
 + Level 8.0 Stealth
 + Level 6.7 Shields
 + Level 6.7 Unarmed Combat
 + Level 8.4 Spellcasting
 + Level 6.0 Conjurations
 + Level 5.5 Hexes
 + Level 5.5 Summonings
 + Level 5.5 Necromancy
 + Level 5.5 Translocations
 + Level 5.5 Transmutations
 + Level 7.9 Fire Magic
 + Level 5.5 Ice Magic
 + Level 5.5 Air Magic
 + Level 5.5 Earth Magic
 + Level 5.5 Poison Magic
 + Level 7.3 Invocations
 + Level 6.7 Evocations


You had 11 spell levels left.
You knew the following spells:

 Your Spells              Type           Power      Damage    Failure   Level
a - Foxfire               Conj/Fire      100%       2x1d9     1%          1
b - Scorch                Fire           100%       2d9       1%          2
c - Flame Wave            Conj/Fire      58%        2d14      1%          4
d - Inner Flame           Hex/Fire       57%        N/A       1%          3
e - Fireball              Conj/Fire      29%        3d13      4%          5

Your spell library contained the following spells:

 Spells                   Type           Power      Damage    Failure   Level
 Blink                    Tloc           100%       N/A       1%          2
 Ensorcelled Hibernation  Hex/Ice        100%       N/A       1%          2
 Lesser Beckoning         Tloc           100%       N/A       1%          2
 Momentum Strike          Conj/Tloc      100%       3d10      1%          2
 Passwall                 Tmut/Erth      42%        N/A       1%          2
 Dazzling Flash           Conj/Hex       100%       N/A       1%          3
 Ozocubu's Armour         Ice            51%        N/A       1%          3
 Swiftness                Air            51%        N/A       1%          3
 Vhi's Electric Charge    Tloc/Air       100%       N/A       1%          3
 Volatile Blastmotes      Fire/Tloc      100%       2d18      1%          3
 Iskenderun's Mystic Bla  Conj/Tloc      52%        2d11      2%          4
 Arcjolt                  Conj/Air       26%        1d36      8%          5
 Iskenderun's Battlesphe  Conj           53%        2d10      8%          5
 Metabolic Englaciation   Hex/Ice        25%        N/A       9%          5
 Starburst                Conj/Fire      29%        6d9       26%         6
 Conjure Ball Lightning   Conj/Air       26%        3x3d7     41%         6
 Simulacrum               Ice/Necr       25%        N/A       43%         6
 Orb of Destruction       Conj           26%        9d9       92%         7
 Maxwell's Capacitive Co  Air            25%        ∞         100%        8


Dungeon Overview and Level Annotations

Branches:
Dungeon (11/15)            Temple (1/1) D:5            Lair (1/5) D:11
    Orc (0/2) D:11          Sewer (visited)

Altars:
Ashenzari
Cheibriados
Dithmenos
Elyvilon
Fedhas
Gozag
Hepliaklqana
Kikubaaqudgha
Makhleb
Nemelex Xobeh
Okawaru
Qazlal
Ru
Sif Muna
Trog
Uskayaw
Vehumet
Wu Jian
Xom
Yredelemnul
Zin
The Shining One

Shops:
D:2 (   D:7 *   D:8 ?

Annotations:
D:3 3 runed translucent doors, browni3141's ghost, weakling OgDe
D:10 exclusion: orange crystal statue


Innate Abilities, Weirdness & Mutations

You have very sharp teeth.
Your uncanny sense of smell can sniff out nearby items.
Your experience applies equally to all skills.


Message History

There is an escape hatch in the floor here.
Key pressed, stopping travel.
There is a stone staircase leading down here.
There is a staircase to the Lair here.
You fly downwards.
Welcome to the Lair of Beasts!
Found a stone.
Found a stone staircase leading down.
There is a staircase back to the Dungeon here.
A komodo dragon comes into view.
A komodo dragon is nearby!
You conjure some foxfire!
The komodo dragon hisses angrily.
The foxfire hits the komodo dragon.
The komodo dragon is lightly wounded.
You conjure some foxfire!
The foxfire hits the komodo dragon but does no damage.
The komodo dragon is lightly wounded.
The foxfire hits the komodo dragon but does no damage.
The komodo dragon is lightly wounded.
The foxfire hits the komodo dragon.
The komodo dragon is lightly wounded.
You conjure some foxfire!
The foxfire hits the komodo dragon but does no damage.
The komodo dragon is lightly wounded.
The foxfire hits the komodo dragon.
The komodo dragon is moderately wounded.
You conjure some foxfire!
The komodo dragon bites you!
You conjure some foxfire!
The foxfire hits the komodo dragon.
The komodo dragon is moderately wounded.
The foxfire hits the komodo dragon.
The komodo dragon is heavily wounded.
The komodo dragon bites you!!
The foxfire hits the komodo dragon.
The komodo dragon is heavily wounded.
The foxfire hits the komodo dragon but does no damage.
The komodo dragon is heavily wounded.
The komodo dragon bites you!!
* * * LOW HITPOINT WARNING * * *
You are too injured to fight recklessly!
The komodo dragon bites you!!
You die...

......# #.....#
#.....# #.....+
#.....# #.....#
#.....# ### .
#...<.####.###....
+.........@l......
#.........§........
.....................
.......(.............
.....................
........>#######P....
.........# .....
........# .....


You could see a komodo dragon.

Vanquished Creatures
  A two-headed ogre (D:10)
  A manticore (D:11)
  A queen bee (D:11)
  A hornet (D:6)
  Prince Ribbit (D:6)
  3 wyverns
  Sigmund (D:5)
  12 yaks
  2 wraiths (D:11)
  2 steam dragons
  A warg (D:11)
  5 orc warriors
  A sky beast (D:8)
  2 black bears (D:11)
  An ice beast (D:6)
  An ogre (D:8)
  2 phantoms
  2 centaurs
  A kobold brigand (D:9)
  3 gnoll sergeants
  4 bullfrogs
  A scorpion (D:5)
  5 wights (D:7)
  37 killer bees
  10 howler monkeys
  A crimson imp (D:6)
  9 hounds
  3 gnoll boudas
  8 orc priests
  2 sleepcaps
  5 iguanas
  14 orc wizards
  26 gnolls
  15 adders
  6 river rats
  2 shadow imps
  2 ufetubi
  A dart slug (D:3)
  32 orcs
  2 bats (D:2)
  9 endoplasms
  4 giant cockroaches
  7 goblins
  6 hobgoblins
  3 quokkas
  17 ball pythons
  6 frilled lizards
  22 kobolds
  26 rats
329 creatures vanquished.

Vanquished Creatures (collateral kills)
  6 foxfires
6 creatures vanquished.

Vanquished Creatures (others)
  An orc wizard (D:9)
  1076 foxfires
1077 creatures vanquished.

Grand Total: 1412 creatures vanquished

Notes
Turn   | Place    | Note
-------+----------+-------------------------------------------
     0 | D:1      | retardedninja the Gnoll Fire Elementalist began the quest
                  | for the Orb.
     0 | D:1      | Reached XP level 1. HP: 13/13 MP: 6/6
   479 | D:1      | Reached XP level 2. HP: 19/19 MP: 3/7
   764 | D:1      | Found a faded altar of an unknown god.
  1025 | D:1      | Reached skill level 5 in Spellcasting
  1025 | D:1      | Reached XP level 3. HP: 25/25 MP: 6/9
  1156 | D:1      | Learned a level 2 spell: Scorch
  1159 | D:1      | Reached skill level 1 in Invocations
  1683 | D:2      | You fall into a shaft and drop 2 floors!
  1705 | D:4      | Found a white marble altar of Elyvilon.
  1733 | D:4      | Identified the +10 hand axe "Brush" {drain, +Blink Fly
                  | Will++}
  1900 | D:3      | Reached skill level 1 in Fighting
  1900 | D:3      | Reached skill level 1 in Short Blades
  1900 | D:3      | Reached skill level 1 in Long Blades
  1900 | D:3      | Reached skill level 1 in Axes
  1900 | D:3      | Reached skill level 1 in Maces & Flails
  1900 | D:3      | Reached skill level 1 in Polearms
  1900 | D:3      | Reached skill level 1 in Staves
  1900 | D:3      | Reached skill level 1 in Ranged Weapons
  1900 | D:3      | Reached skill level 1 in Throwing
  1900 | D:3      | Reached skill level 1 in Armour
  1900 | D:3      | Reached skill level 1 in Shields
  1900 | D:3      | Reached skill level 1 in Unarmed Combat
  1900 | D:3      | Reached skill level 1 in Evocations
  2008 | D:3      | Reached XP level 4. HP: 32/32 MP: 7/11
  2016 | D:3      | Found a glowing drain.
  2040 | Sewer    | Entered a sewer
  2276 | Sewer    | Reached skill level 1 in Hexes
  2276 | Sewer    | Reached skill level 1 in Summonings
  2276 | Sewer    | Reached skill level 1 in Necromancy
  2276 | Sewer    | Reached skill level 1 in Translocations
  2276 | Sewer    | Reached skill level 1 in Transmutations
  2276 | Sewer    | Reached skill level 1 in Ice Magic
  2276 | Sewer    | Reached skill level 1 in Air Magic
  2276 | Sewer    | Reached skill level 1 in Earth Magic
  2276 | Sewer    | Reached skill level 1 in Poison Magic
  2520 | Sewer    | Reached XP level 5. HP: 37/37 MP: 9/12
  2832 | Sewer    | Reached XP level 6. HP: 35/44 MP: 9/13
  2836 | Sewer    | Reached skill level 5 in Dodging
  3024 | D:2      | Found Uggeujet's Weapon Shop.
  3632 | D:3      | Found a runed translucent gate.
  3633 | D:3      | Found a runed translucent gate.
  3633 | D:3      | Noticed browni3141's ghost (weakling OgDe)
  3634 | D:3      | Found a runed translucent gate.
  4396 | D:4      | Reached XP level 7. HP: 43/51 MP: 2/15
  5067 | D:4      | Found a shimmering blue altar of Sif Muna.
  5338 | D:5      | Entered Level 5 of the Dungeon
  5509 | D:5      | Reached skill level 5 in Stealth
  5594 | D:5      | Found a staircase to the Ecumenical Temple.
  5978 | Temple   | Entered the Ecumenical Temple
  6082 | Temple   | Became a worshipper of Cheibriados the Contemplative
  6392 | D:5      | Reached XP level 8. HP: 56/58 MP: 11/16
  6695 | D:5      | Found Eweruxt's Weapon Shop.
  6750 | D:5      | Noticed Sigmund
  6758 | D:5      | Killed Sigmund
  6809 | D:5      | Found a bloodstained altar of Trog.
  7712 | D:5      | Learned a level 4 spell: Flame Wave
  7716 | D:5      | Learned a level 3 spell: Inner Flame
  7856 | D:6      | Reached * piety under Cheibriados
  7891 | D:6      | Noticed a hornet
  7902 | D:6      | Killed a hornet
  8140 | D:6      | Noticed Prince Ribbit
  8148 | D:6      | Killed Prince Ribbit
  8149 | D:6      | Reached XP level 9. HP: 65/65 MP: 12/18
  8731 | D:6      | Found a burning altar of Makhleb.
 10176 | D:7      | Found Zin's Purification Station.
 10183 | D:7      | Found a glowing silver altar of Zin.
 10227 | D:7      | Reached ** piety under Cheibriados
 10421 | D:7      | Reached skill level 5 in Invocations
 12244 | D:8      | Found a basalt altar of Yredelemnul.
 12244 | D:8      | Found an iron altar of Okawaru.
 12312 | D:8      | Reached skill level 5 in Fighting
 12312 | D:8      | Reached skill level 5 in Short Blades
 12312 | D:8      | Reached skill level 5 in Long Blades
 12312 | D:8      | Reached skill level 5 in Axes
 12312 | D:8      | Reached skill level 5 in Maces & Flails
 12312 | D:8      | Reached skill level 5 in Polearms
 12312 | D:8      | Reached skill level 5 in Staves
 12312 | D:8      | Reached skill level 5 in Ranged Weapons
 12312 | D:8      | Reached skill level 5 in Throwing
 12312 | D:8      | Reached skill level 5 in Armour
 12312 | D:8      | Reached skill level 5 in Shields
 12312 | D:8      | Reached skill level 5 in Unarmed Combat
 12312 | D:8      | Reached skill level 5 in Evocations
 12312 | D:8      | Reached XP level 10. HP: 54/74 MP: 1/20
 12737 | D:8      | Reached *** piety under Cheibriados
 13452 | D:8      | Found The Oracle's Delphic Readings.
 13462 | D:8      | Learned a level 5 spell: Fireball
 13549 | D:8      | Found a sparkling altar of Nemelex Xobeh.
 13616 | D:9      | Found a broken altar of Ashenzari.
 13686 | D:9      | Reached skill level 5 in Conjurations
 14378 | D:9      | Reached **** piety under Cheibriados
 15381 | D:10     | Entered Level 10 of the Dungeon
 15447 | D:10     | Noticed a two-headed ogre
 15774 | D:10     | Killed a two-headed ogre
 15945 | D:10     | Noticed an orange crystal statue
 16307 | D:11     | Noticed a manticore
 16317 | D:10     | Reached ***** piety under Cheibriados
 16319 | D:10     | Reached skill level 5 in Hexes
 16319 | D:10     | Reached skill level 5 in Summonings
 16319 | D:10     | Reached skill level 5 in Necromancy
 16319 | D:10     | Reached skill level 5 in Translocations
 16319 | D:10     | Reached skill level 5 in Transmutations
 16319 | D:10     | Reached skill level 5 in Ice Magic
 16319 | D:10     | Reached skill level 5 in Air Magic
 16319 | D:10     | Reached skill level 5 in Earth Magic
 16319 | D:10     | Reached skill level 5 in Poison Magic
 16319 | D:10     | Reached XP level 11. HP: 42/81 MP: 11/22
 16641 | D:10     | HP: 4/81 [yak (3)]
 17574 | D:11     | Killed a manticore
 18255 | D:11     | Found a staircase to the Lair.
 18550 | D:11     | Found a staircase to the Orcish Mines.
 19216 | Lair:1   | Entered Level 1 of the Lair of Beasts
 19233 | Lair:1   | Slain by a komodo dragon

Illustrated notes

Levels and vault maps discovered:
D:1:      psy_arrival_heroes, layout_basic, chequers_ecumenical_altar_twisty
D:2:      layout_rooms, serial_shops, shop
D:3:      layout_basic, portal_sewer_entry_b, gammafunk_ghost_split
D:4:      layout_basic, nicolae_elyvilon_peaceful_grove,
          overflow_temple_1_default, supply_closet_lemuel, minmay_checkerbox
D:5:      layout_cave_pools, kennysheep_mini, minmay_temple_entry_fiery,
          serial_shops, shop_statue, uniq_sigmund
D:6:      layout_basic, makhleb_grotto_becter, uniq_prince_ribbit1
D:7:      layout_loops_ring, zin_purify
D:8:      kennysheep_housing_project, layout_basic,
          gammafunk_temple_overflow_forgotten, nrook_mini_vaults,
          nicolae_nh_oracle_at_delphi
D:9:      layout_irregular_city, mainiacjoe_overflow_paths
D:10:     layout_cave_pools, disabler_island
D:11:     layout_rooms, david_lair_generic, david_orc_3, special_room
          [special_room_bee]
Temple:   oiseaux_autumnal_temple
Lair:1:   layout_regular_city, lemuel_fruit_fields

Skill      XL: |  1  2  3  4  5  6  7  8  9 10 11 |
---------------+----------------------------------+-----
Conjurations   | 2 3 4 5 6 |  6.0
Spellcasting   | 5 6 7 8 |  8.4
Invocations    | 1 2 3 4 5 6 7 |  7.3
Fighting       | 1 2 3 5 6 |  6.7
Short Blades   | 1 2 3 5 6 |  6.7
Long Blades    | 1 2 3 5 6 |  6.7
Axes           | 1 2 3 5 6 |  6.7
Maces & Flails | 1 2 3 5 6 |  6.7
Polearms       | 1 2 3 5 6 |  6.7
Staves         | 1 2 3 5 6 |  6.7
Ranged Weapons | 1 2 3 5 6 |  6.7
Throwing       | 1 2 3 5 6 |  6.7
Armour         | 1 2 3 5 6 |  6.7
Shields        | 1 2 3 5 6 |  6.7
Unarmed Combat | 1 2 3 5 6 |  6.7
Evocations     | 1 2 3 5 6 |  6.7
Hexes          | 1 2 3 4 5 |  5.5
Summonings     | 1 2 3 4 5 |  5.5
Necromancy     | 1 2 3 4 5 |  5.5
Translocations | 1 2 3 4 5 |  5.5
Transmutations | 1 2 3 4 5 |  5.5
Ice Magic      | 1 2 3 4 5 |  5.5
Air Magic      | 1 2 3 4 5 |  5.5
Earth Magic    | 1 2 3 4 5 |  5.5
Poison Magic   | 1 2 3 4 5 |  5.5
Dodging        | 5 6 7 8 |  8.2
Stealth        | 5 6 7 8 |  8.0
Fire Magic     | 6 7 |  7.9

Action                     |  1- 3 |  4- 6 |  7- 9 | 10-12 || total
---------------------------+-------+-------+-------+-------++-------
  Melee: Unarmed           |    10 |       |       |       ||    10
         Bite              |     1 |     1 |     1 |       ||     3
         Hand axe          |       |     4 |     7 |     3 ||    14
         Punch             |       |       |     1 |     1 ||     2
   Cast: Foxfire           |    76 |   148 |   245 |   161 ||   630
         Scorch            |     3 |     6 |    90 |    54 ||   153
         Flame Wave        |       |       |     1 |    21 ||    22
         Fireball          |       |       |       |     6 ||     6
 Invoke: Step From Time    |       |       |       |     1 ||     1
  Evoke: Wand              |       |       |       |     8 ||     8
         Phial of floods   |       |       |       |     1 ||     1
    Use: Potion            |       |       |     6 |     6 ||    12
         Scroll            |       |       |    20 |     2 ||    22
 Armour: Robe              |     1 |     6 |    25 |    28 ||    60
  Dodge: Dodged            |     7 |    32 |   141 |   227 ||   407
